 Dungeon Crawl Stone Soup version 0.28-a0-1002-gf00fe891ef (webtiles) character file.

Game seed: 9745480080354827009

745 fragbeetle the Poker (level 7, -1/70 HPs)
             Began as a Troll Warper on Dec 7, 2021.
             Slain by a white imp (3 damage)
             ... on level 4 of the Dungeon.
             The game lasted 00:13:24 (3293 turns).

fragbeetle the Poker (Troll Warper)                 Turns: 3293, Time: 00:13:24

Health: -1/70      AC: -8    Str: 20    XL:     7   Next: 47%
Magic:  6/8        EV: 10    Int: 11    God:
Gold:   129        SH:  0    Dex:  9    Spells: 3/8 levels left

rFire   + . .      SeeInvis .   l - +0 scythe
rCold   . . .      Faith    .   (shield currently unavailable)
rNeg    . . .      Spirit   .   b - +0 robe
rPois   .          Reflect  .   (helmet restricted)
rElec   .          Harm     .   (no cloak)
rCorr   .          Rampage  .   (gloves unavailable)
Will    .....                   (boots unavailable)
Stlth   +.........              (no amulet)
HPRegen 1.01/turn               j - ring of protection from fire
MPRegen 0.11/turn               (no ring)

@: corroded, on blink cooldown
A: large, unfitting armour, claws 3, regeneration 1, shaggy fur 1, tough skin 1
a: no special abilities


You were on level 4 of the Dungeon.
You visited 1 branch of the dungeon, and saw 5 of its levels.

You collected 129 gold pieces.

Inventory:

Hand Weapons
 a - a +0 spear
 l - a +0 scythe (weapon)
Missiles
 d - 4 boomerangs of dispersal (quivered)
Armour
 b - a +0 robe (worn)
Jewellery
 j - a ring of protection from fire (left claw)
Scrolls
 c - a scroll of blinking
 e - a scroll of magic mapping {unknown}
 g - a scroll of summoning
 k - 2 scrolls of amnesia
 n - a scroll of noise {unknown}
 o - a scroll of identify
 p - 3 scrolls of enchant weapon {unknown}
Potions
 f - 2 potions of resistance
 h - 3 potions of heal wounds
 i - 3 potions of flight
 m - a potion of attraction {unknown}


   Skills:
 * Level 4.0 Fighting
 + Level 4.0 Polearms
 + Level 0.9 Throwing
 + Level 3.4 Dodging
 + Level 0.5 Stealth
 + Level 1.4 Spellcasting
 * Level 3.2 Translocations


You had 3 spell levels left.
You knew the following spells:

 Your Spells              Type           Power      Damage    Failure   Level
a - Blink                 Tloc           14%        N/A       12%         2
b - Gell's Gravitas       Tloc           7%         N/A       24%         3

Your spell library contained the following spells:

 Spells                   Type           Power      Damage    Failure   Level
 Lesser Beckoning         Tloc           7%         N/A       24%         3
 Teleport Other           Tloc           7%         N/A       24%         3
 Stone Arrow              Conj/Erth      0%         3d7       67%         3
 Manifold Assault         Tloc           7%         N/A       92%         5
 Animate Armour           Summ/Erth      0%         N/A       97%         4
 Lehudib's Crystal Spear  Conj/Erth      0%         10d2      100%        8


Dungeon Overview and Level Annotations

Branches:
Dungeon (5/15)
 Temple: D:4-7

Altars:
Sif Muna

Annotations:
D:4 Edmund
D:5 1 transporter, bande's ghost, novice GrFi


Innate Abilities, Weirdness & Mutations

You are too large for most types of armour.
You have claws for hands.
Your natural rate of healing is unusually fast.
You are covered in fur. (AC +1)
You have tough skin. (AC +1)


Message History

The white imp shouts!
You hit the jelly.
Your claws burn!
The jelly is moderately wounded.
The jelly hits you.
You are splashed with acid!
The white imp gestures at you. The puff of frost hits you!
The jelly barely misses you.
You hit the jelly. The acid corrodes you!
Your claws burn!
The jelly is moderately wounded.
A hound comes into view.
The jelly hits you.
You are splashed with acid!
The white imp gestures at you. The puff of frost hits you!
* * * LOW HITPOINT WARNING * * *
The jelly hits you.
* * * LOW HITPOINT WARNING * * *
The acid corrodes you!
You are splashed with acid.
* * * LOW HITPOINT WARNING * * *
Casting: Blink (safe; 12% risk of failure)
Confirm with . or Enter, or press ? or * to list all spells.
You blink.
Found a potion of heal wounds.
The hound barks!
The white imp gestures at you. The puff of frost misses you.
There is a stone staircase leading up here.
The hound closely misses you. The white imp closely misses you.
The hound closely misses you.
You climb upwards.
Level annotation: Edmund
There is a stone staircase leading down here.
You closely miss the white imp. The hound bites you.
* * * LOW HITPOINT WARNING * * *
The white imp shouts, "Scamper hence, thou droning fool-headed fustilarian!"
The white imp hits you.
* * * LOW HITPOINT WARNING * * *
The white imp freezes you.
* * * LOW HITPOINT WARNING * * *
The hound bites you.
* * * LOW HITPOINT WARNING * * *
The white imp hits you.
You die...

#....#..#..
#....#....#
#....#....#
########....#....#
#...........#....'
#...........######
#.................
#.................
#@5...............
#h................
#.................
#.......#######'##
#.......# #.....
#.......# #.....
#.......# #.....
#.......# #.....
######### ######


You could see a hound and a white imp.

Vanquished Creatures
  An ice beast (D:5)
  A necrophage (D:3)
  An ogre (D:5)
  A jelly (D:4)
  2 hounds (D:5)
  Jessica (D:3)
  A killer bee zombie (D:5)
  13 adders
  3 dart slugs
  2 orcs
  3 endoplasms
  6 giant cockroaches
  7 goblins
  9 hobgoblins
  2 jackals (D:1)
  7 kobolds
  2 quokkas
  11 ball pythons
  4 bats
  2 frilled lizards
  9 rats
88 creatures vanquished.

Vanquished Creatures (collateral kills)
  Sigmund (D:2)
1 creature vanquished.

Grand Total: 89 creatures vanquished

Notes
Turn   | Place    | Note
-------+----------+-------------------------------------------
     0 | D:1      | fragbeetle the Troll Warper began the quest for the Orb.
     0 | D:1      | Reached XP level 1. HP: 19/19 MP: 1/1
   217 | D:1      | Reached XP level 2. HP: 27/27 MP: 2/2
   222 | D:1      | Learned a level 2 spell: Blink
   343 | D:1      | Found a faded altar of an unknown god.
   536 | D:1      | Reached XP level 3. HP: 35/35 MP: 3/3
   616 | D:1      | You fall into a shaft and drop 1 floor!
   894 | D:2      | Noticed Sigmund
   956 | D:3      | Noticed Jessica
   969 | D:3      | Killed Jessica
   970 | D:3      | Reached XP level 4. HP: 30/44 MP: 4/4
  1206 | D:3      | HP: 2/44 [poisoned by an adder]
  1283 | D:3      | Reached XP level 5. HP: 44/50 MP: 5/5
  1290 | D:3      | Learned a level 3 spell: Gell's Gravitas
  1848 | D:2      | Killed Sigmund
  1849 | D:2      | Reached XP level 6. HP: 21/61 MP: 5/7
  2827 | D:4      | Found a shimmering blue altar of Sif Muna.
  2870 | D:4      | Noticed Edmund
  2967 | D:5      | Entered Level 5 of the Dungeon
  2997 | D:5      | Reached XP level 7. HP: 64/65 MP: 8/8
  3126 | D:5      | Noticed bande's ghost (novice GrFi)
  3127 | D:5      | Found a transporter.
  3199 | D:5      | HP: 3/68 [ogre (21)]
  3293 | D:4      | HP: 2/70 [hound (4)]
  3293 | D:4      | Slain by a white imp

Illustrated notes

Levels and vault maps discovered:
D:1:      sevenhm_arrival_forest_fort_small_3, layout_basic,
          nicolae_ecumenical_lake_church
D:2:      minmay_skewed_foursquare, layout_basic, uniq_sigmund
D:3:      layout_loops_ring, minmay_snake_closets, uniq_jessica
D:4:      layout_gridville, nicolae_sif_muna_condensation, uniq_edmund
D:5:      layout_cave_pools, gammafunk_ghost_smash, serial_shops,
          nicolae_square_shop, grunt_decor_junction

Skill      XL: |  1  2  3  4  5  6  7 |
---------------+----------------------+-----
Dodging        | 2 3 |  3.4
Polearms       | 2 3 4 |  4.0
Fighting       | 2 3 4 |  4.0
Translocations | 3 |  3.2
Throwing       | |  0.9
Stealth        | |  0.5
Spellcasting   | |  1.4

Action                   |  1- 3 |  4- 6 |  7- 9 || total
-------------------------+-------+-------+-------++-------
Melee: Spear             |   208 |   130 |       ||   338
       Scythe            |       |    68 |    37 ||   105
Throw: Boomerang         |       |     1 |       ||     1
 Cast: Blink             |     2 |       |     2 ||     4
       Gell's Gravitas   |       |     1 |     2 ||     3
  Use: Scroll            |       |     5 |     1 ||     6
       Potion            |       |       |     1 ||     1
 Stab: Sleeping          |       |     2 |     1 ||     3
Armor: Robe              |    68 |    71 |    16 ||   155
Dodge: Dodged            |   109 |   126 |    44 ||   279

Table legend: (Time is in decaauts)
 A = Elapsed time spent in this place.
 B = Non-inter-level travel time spent in this place.
 C = Inter-level travel time spent in this place.
 D = Time resting spent in this place.
 E = Time spent auto-exploring this place.
 F = Levels seen in this place.
 G = Mean time per level.
                   A        B        C        D        E       F      G
               +--------+--------+--------+--------+--------+-----+--------+
         Total |   3376 |   3159 |    217 |     89 |   1537 |   5 |  675.2 |
       Dungeon |   3376 |   3159 |    217 |     89 |   1537 |   5 |  675.2 |
               +--------+--------+--------+--------+--------+-----+--------+

Top non-repeatable levels by time:
     D:3: 919 daAuts
     D:2: 877 daAuts
     D:1: 617 daAuts
     D:4: 604 daAuts
     D:5: 357 daAuts
